 Seeded DCSS version 0.29.1-15-g9cfb28693d (webtiles) character file.

Game seed: 16245865983455551772 (custom seed)

4 Atreus the Trooper (level 1, 18/19 HPs)
             Began as a Palentonga Berserker on Mar 9, 2023.
             Was a Follower of Trog.
             Quit the game on level 1 of the Dungeon.
             The game lasted 00:00:23 (68 turns).

Atreus the Trooper (Palentonga Berserker)             Turns: 68, Time: 00:00:23

Health: 18/19      AC:  4    Str: 22    XL:     1   Next: 50%
Magic:  1/1        EV:  9    Int:  7    God:    Trog [*.....]
Gold:   0          SH:  0    Dex:  9    Spells: 0/0 levels left

rFire   . . .      SeeInvis +   a - +0 hand axe
rCold   . . .      Faith    .   (no shield)
rNeg    . . .      Spirit   .   b - +0 animal skin
rPois   .          Reflect  .   (no helmet)
rElec   .          Harm     .   (no cloak)
rCorr   .          Rampage  .   (no gloves)
Will    .....                   (no barding)
Stlth   +.........              (no amulet)
HPRegen 0.06/turn               (no ring)
MPRegen 0.07/turn               (no ring)

@: no status effects
A: large, rugged brown scales 3, see invisible, deformed body, roll 1, armoured
tail
a: Rolling Charge, Renounce Religion, Berserk


You were on level 1 of the Dungeon.
You worshipped Trog.
Trog was aware of your devotion.
You visited 1 branch of the dungeon, and saw 1 of its levels.

Inventory:

Hand Weapons
 a - a +0 hand axe (weapon)
Armour
 b - a +0 animal skin (worn)
 d - the +6 lightning scales {swift, rElec}
   (You acquired it on level 1 of the Dungeon)

   It allows the wearer to cover ground more swiftly.
   rElec:     It insulates you from electricity.
 e - the +1 helmet of the Barnacled Grue {Rampage Str+4}
   (You acquired it on level 1 of the Dungeon)

   Str:       It affects your strength (+4).
   Rampage:   It bestows one free step when moving towards enemies.
Jewellery
 c - the ring "Ovviag" {Fire Dex+2 Slay+4 Stlth+}
   (You acquired it on level 1 of the Dungeon)

   [ring of fire]

   It enhances your fire magic.
   Dex:       It affects your dexterity (+2).
   Slay:      It affects your accuracy & damage with ranged weapons and melee
   (+4).
   rF:        It protects you from fire.
   rC:        It makes you vulnerable to cold.
   Stlth:     It makes you more stealthy.


   Skills:
 + Level 3.1 Fighting
 + Level 3.1 Axes
 + Level 1.6 Armour
 + Level 1.6 Dodging


You couldn't memorise any spells.
You didn't know any spells.
Your spell library was empty.

Dungeon Overview and Level Annotations

Branches:
Dungeon (1/15)

Altars:


Innate Abilities, Weirdness & Mutations

You are completely covered in rugged brown scales. (AC +3, +7% HP)
You have supernaturally acute eyesight. (SInv)
Armour fits poorly on your strangely shaped body.
You can roll at nearby foes to attack.
You have a long armoured tail.


Message History

A goblin comes into view. It is wielding a +0 dagger.
The goblin shouts!
A quokka comes into view.
Roll where?
Press: ? - help, Q - select action Dir - move target, f - quokka
Aim: a quokka You roll forward with a clatter of scales!
Found 6 stones.
You hit the quokka but do no damage. You tail-slap the quokka.
You kill the quokka!
Trog accepts your kill.
You hit the goblin. The goblin hits you with a +0 dagger.
The goblin barely misses you.
You see here a quokka corpse.
The goblin hits you with a +0 dagger.
You hit the goblin.
You kill the goblin!
Trog accepts your kill.
You see here a +0 dagger.
Found 3 scrolls labelled WAC GOIFOFITOUPLEC.
An endoplasm comes into view.
You see here 3 scrolls labelled WAC GOIFOFITOUPLEC.
c - 3 scrolls labelled WAC GOIFOFITOUPLEC The endoplasm quivers.
You hit the endoplasm.
The endoplasm is severely wounded.
The endoplasm barely misses you.
You hit the endoplasm.
You kill the endoplasm!
Trog accepts your kill.
This is a scroll of acquirement!
Something appears at your feet!
d - the +6 lightning scales {swift, rElec} Something appears at your feet!
e - the +1 helmet of the Barnacled Grue {Rampage Str+4} Something appears at your feet!
c - the ring "Ovviag" {Fire Dex+2 Slay+4 Stlth+} You aren't carrying any scrolls.
Are you sure you want to abandon this character and quit the game? (Confirm with "yes".)

## # #.. .# #.# #.#
# #.######..####
###.##.#...........
.........#@.#.....
##.##...#..# ...
#...###.# #
#...#(#..
#..##.##.#
#..#...#.. ...
##.##...##.## ...
#..#....†#..#....
#..#...).#..#...


There were no monsters in sight!

Vanquished Creatures
  An endoplasm (D:1)
  A goblin (D:1)
  A quokka (D:1)
3 creatures vanquished.

Notes
Turn   | Place    | Note
-------+----------+-------------------------------------------
     0 | D:1      | Atreus the Palentonga Berserker began the quest for the
                  | Orb.
     0 | D:1      | Reached XP level 1. HP: 19/19 MP: 1/1
    60 | D:1      | Identified 3 scrolls of acquirement
    60 | D:1      | Acquired the +6 lightning scales {swift, rElec}
    60 | D:1      | Found the +6 lightning scales {swift, rElec}
    63 | D:1      | Acquired the +1 helmet of the Barnacled Grue {Rampage
                  | Str+4}
    66 | D:1      | Acquired the ring "Ovviag" {Fire Dex+2 Slay+4 Stlth+}
    68 | D:1      | Quit the game

Illustrated notes

Levels and vault maps discovered:
D:1:      minmay_arrival_hallway, layout_loops_corners, basic_ecumenical_altar,
          minmay_unequal

Action                   || total
-------------------------++-------
Melee: Hand axe          ||     4
       Tailslap          ||     1
 Abil: Rolling Charge    ||     1
  Use: Scroll            ||     3
Dodge: Dodged            ||     2
